 Dungeon Crawl Stone Soup version 0.30-a0-778-g2ef04afb54 (webtiles) character file.

Game seed: 2452204323481721452

11922 Lobster4 the Grappler (level 11, -4/105 HPs)
             Began as a Troll Gladiator on Feb 17, 2023.
             Was an Elder of Uskayaw.
             Slain by a four-headed hydra (14 damage)
             ... on level 10 of the Dungeon.
             The game lasted 00:29:28 (9832 turns).

Lobster4 the Grappler (Troll Gladiator)             Turns: 9832, Time: 00:29:29

Health: -4/105     AC:  6    Str: 27    XL:     11   Next: 55%
Magic:  14/14      EV: 12    Int:  8    God:    Uskayaw [****..]
Gold:   585        SH:  0    Dex: 17    Spells: 13/16 levels left

rFire   + . .      SeeInvis .    F - +10 whip of Lystyus {flame, rElec Str-3 Int+2}
rCold   + . .      Faith    .    (no shield)
rNeg    . . .      Spirit   .    r - +0 acid dragon scales
rPois   .          Reflect  .    v - +0 hat
rElec   +          Harm     .    O - +0 cloak
rCorr   +          Rampage  .    (gloves unavailable)
Will    .....                    (boots unavailable)
Stlth   +                        a - amulet of regeneration
HPRegen 1.97/turn                U - ring "Cyriy" {Fly rF+ Str+4 Dex+6}
MPRegen 0.14/turn                L - ring of protection from cold

@: corroded, flying
A: large, unfitting armour, claws 3, regeneration 1, shaggy fur 1, tough skin 1
a: Renounce Religion, Stomp, Line Pass


You were on level 10 of the Dungeon.
You worshipped Uskayaw.
Uskayaw was noncommittal.
You visited 2 branches of the dungeon, and saw 11 of its levels.

You collected 585 gold pieces.

Inventory:

Hand Weapons
 b - a +0 sling
 i - a +0 giant club
 C - a +0 shortbow
 F - the +10 whip of Lystyus (weapon) {flame, rElec Str-3 Int+2}
   (You found it on level 6 of the Dungeon)

   Str:       It affects your strength (-3).
   Int:       It affects your intelligence (+2).
   rElec:     It insulates you from electricity.
 M - a +2 flail of protection
 T - a +3 dire flail
 V - the +6 quarterstaff of a Million Lovers {pain, *Noise Will+++ rCorr Stlth-}
   (You found it on level 9 of the Dungeon)

   *Noise:    It may make noises in combat.
   rCorr:     It protects you from acid and corrosion.
   Will:      It greatly increases your willpower.
   Stlth:     It makes you less stealthy.
Missiles
 c - 3 throwing nets (quivered)
 d - 5 large rocks
 k - 2 javelins
 A - 2 poisoned darts
 J - 4 silver boomerangs
Armour
 m - a +1 robe of willpower
 r - +0 acid dragon scales (worn)
 v - a +0 hat (worn)
 O - a +0 cloak (worn)
 W - a scarf of resistance
Magical Staves
 G - a staff of cold
Jewellery
 a - an amulet of regeneration (around neck)
 K - a ring of magical power
 L - a ring of protection from cold (right claw)
 U - the ring "Cyriy" (left claw) {Fly rF+ Str+4 Dex+6}
   (You took it off a centaur on level 8 of the Dungeon)

   [ring of dexterity]

   Str:       It affects your strength (+4).
   Dex:       It affects your dexterity (+6).
   rF:        It protects you from fire.
   Fly:       It grants you flight.
Wands
 y - a wand of flame (18)
 I - a wand of digging (6)
 P - a wand of acid (12)
Scrolls
 e - a scroll of identify
 f - 3 scrolls of immolation
 j - 2 scrolls of silence
 n - a scroll of fog {unknown}
 o - 2 scrolls of fear {unknown}
 p - a scroll of magic mapping
 q - a scroll of blinking {unknown}
 x - 2 scrolls of teleportation
 D - a scroll of vulnerability {unknown}
 E - a scroll of torment {unknown}
 Q - 2 scrolls of amnesia {unknown}
Potions
 h - 4 potions of curing
 s - 3 potions of degeneration {unknown}
 t - 3 potions of ambrosia
 u - 4 potions of cancellation {unknown}
 B - 3 potions of lignification {unknown}
 H - 2 potions of attraction {unknown}
 N - 3 potions of flight
 S - 2 potions of haste


   Skills:
 + Level 6.0 Fighting
 + Level 5.7 Maces & Flails
 - Level 3.0 Throwing
 + Level 4.4 Armour
 + Level 6.4 Dodging
 * Level 10.5 Unarmed Combat
 - Level 3.0 Spellcasting
 - Level 3.0 Earth Magic
 - Level 3.0 Invocations
 - Level 3.0 Evocations


You had 13 spell levels left.
You knew the following spells:

 Your Spells              Type           Power      Damage    Failure   Level
a - Stone Arrow           Conj/Erth      6%         3d7       52%         3

Your spell library contained the following spells:

 Spells                   Type           Power      Damage    Failure   Level
 Blink                    Tloc           2%         N/A       50%         2
 Animate Armour           Summ/Erth      6%         N/A       90%         4
 Airstrike                Air            0%         2d(1-17)  98%         4
 Manifold Assault         Tloc           1%         N/A       98%         4
 Olgreb's Toxic Radiance  Pois           1%         N/A       98%         4
 Summon Lightning Spire   Summ/Air       1%         N/A       98%         4
 Lightning Bolt           Conj/Air       0%         1d11      100%        5
 Ozocubu's Refrigeration  Ice            0%         4d7       100%        7
 Storm Form               Tmut/Air       0%         N/A       100%        7
 Ignition                 Fire           0%         3d3       100%        8
 Lehudib's Crystal Spear  Conj/Erth      1%         10d2      100%        8


Dungeon Overview and Level Annotations

Branches:
Dungeon (10/15)            Temple (1/1) D:4            Lair (0/5) D:10
    Orc: D:9-12

Altars:
Ashenzari
Cheibriados
Dithmenos
Elyvilon
Fedhas
Gozag
Hepliaklqana
Kikubaaqudgha
Makhleb
Nemelex Xobeh
Okawaru
Qazlal
Ru
Sif Muna
Trog
Uskayaw
Vehumet
Wu Jian
Xom
Yredelemnul
Zin
The Shining One

Shops:
D:6 *   D:10 *

Annotations:
D:4 1 exclusion
D:8 3 runed translucent doors, Esekla's ghost, novice OpDe
D:10 2 runed translucent doors, exclusion: 2 hydras, Beavis's ghost, novice DsHu


Innate Abilities, Weirdness & Mutations

You are too large for most types of armour.
You have claws for hands.
Your natural rate of healing is unusually fast.
You are covered in fur. (AC +1)
You have tough skin. (AC +1)


Message History

You feel clever.
The +10 whip of Lystyus {flame, rElec Str-3 Int+2} bursts into flame!
F - the +10 whip of Lystyus (weapon)
{flame, rElec Str-3 Int+2} The four-headed hydra closely misses you.
The four-headed hydra completely misses you.
The four-headed hydra bites you. The four-headed hydra bites you!
You completely miss the four-headed hydra.
The four-headed hydra bites you! The four-headed hydra bites you.
The four-headed hydra barely misses you. x2
You whack the four-headed hydra! You burn the four-headed hydra.
The four-headed hydra is moderately wounded.
You hit the four-headed hydra. You burn the four-headed hydra.
The four-headed hydra is moderately wounded.
The four-headed hydra closely misses you.
The four-headed hydra barely misses you.
The four-headed hydra bites you but does no damage.
The four-headed hydra bites you!
Uskayaw will force your foes to share their pain.
You hit the four-headed hydra. You burn the four-headed hydra.
The four-headed hydra is moderately wounded.
The four-headed hydra bites you.
The four-headed hydra bites you but does no damage.
The four-headed hydra bites you.
The four-headed hydra bites you but does no damage.
You whack the four-headed hydra! You burn the four-headed hydra.
The four-headed hydra is heavily wounded.
The four-headed hydra bites you but does no damage.
The four-headed hydra bites you! x2
* * * LOW HITPOINT WARNING * * *
The four-headed hydra bites you!
* * * LOW HITPOINT WARNING * * *
Okay, then.
Okay, then.
You feel much better. The four-headed hydra bites you!
* * * LOW HITPOINT WARNING * * *
The four-headed hydra bites you!
* * * LOW HITPOINT WARNING * * *
The four-headed hydra barely misses you.
The four-headed hydra bites you!
You die...

#.# ##bb.#...# #.# ##.###.##
####.###########.####
#..............#.)..#
#############.#########.##.####.#
..............................#.#
.############################.#.#
.#############..##**********#.#.#
.#.##.##).##..##@#*,,*,,,*,,#.#.#
##.##..##..##.##D##**,***,**#...#
###.##.)##...##.(.#*,*,*,*,##..##
#.#.###..##..##.#.##*,***,*#...#
..##.###..#.##...(.#**,*,*##.#.#
.#.#.####...##.#.#.##,*##,#....#
.#.##.####.##......(#*,.C##.#.##
.##.#.##...##.##.##.#**.##..#.#
#?#.##!##.##..##.##..#*.##....#


You could see a four-headed hydra.

Vanquished Creatures
  A hydra (D:10)
  2 two-headed ogres (D:10)
  An ugly thing (D:10)
  A cyclops (D:10)
  2 komodo dragons (D:10)
  An unseen horror (D:10)
  A troll (D:10)
  A dream sheep (shapeshifter) (D:10)
  Sigmund (D:4)
  A shadow (D:10)
  A wyvern (D:10)
  16 yaks
  A human (D:7)
  Grum (D:10)
  Menkaure (D:5)
  A steam dragon (D:10)
  3 hogs (D:7)
  2 water moccasins (D:7)
  2 acid dragons (D:10)
  4 orc warriors
  Duvessa (D:4)
  A black bear (D:5)
  A sky beast (D:5)
  2 ice beasts
  2 wolves (D:10)
  2 ogres
  5 centaurs
  A kobold brigand (D:5)
  A gnoll sergeant (D:10)
  A bullfrog (D:7)
  A necrophage (D:5)
  2 scorpions
  9 wights (D:8)
  Dowan (D:4)
  9 killer bees
  2 electric eels (D:7)
  2 jellies
  5 hounds
  7 orc priests
  2 gnoll boudas (D:7)
  Ijyb (D:5)
  Natasha (thrice) (D:4)
  5 iguanas
  7 orc wizards
  20 gnolls
  5 adders
  A shadow imp (D:7)
  2 white imps
  5 worms
  A dart slug (D:1)
  34 orcs
  8 endoplasms
  6 giant cockroaches
  6 hobgoblins
  9 kobolds
  4 quokkas
  13 ball pythons
  4 bats
  4 frilled lizards
  7 goblins
  4 rats
250 creatures vanquished.

Notes
Turn   | Place    | Note
-------+----------+-------------------------------------------
     0 | D:1      | Lobster4 the Troll Gladiator began the quest for the Orb.
     0 | D:1      | Reached XP level 1. HP: 19/19 MP: 0/0
   244 | D:1      | Reached XP level 2. HP: 28/28 MP: 1/1
   626 | D:2      | Reached XP level 3. HP: 35/35 MP: 2/2
   955 | D:2      | Reached skill level 1 in Armour
  1329 | D:3      | Reached XP level 4. HP: 42/42 MP: 3/3
  1481 | D:3      | Reached skill level 4 in Unarmed Combat
  1481 | D:3      | Reached XP level 5. HP: 25/49 MP: 4/4
  2004 | D:3      | Found a snail-covered altar of Cheibriados.
  2170 | D:4      | Noticed Natasha
  2174 | D:4      | Noticed Duvessa
  2205 | D:4      | Noticed Dowan
  2266 | D:4      | Noticed an ogre
  2278 | D:4      | Killed an ogre
  2279 | D:4      | Reached skill level 1 in Maces & Flails
  2279 | D:4      | Reached XP level 6. HP: 59/59 MP: 5/5
  2504 | D:4      | Found a staircase to the Ecumenical Temple.
  2520 | Temple   | Entered the Ecumenical Temple
  2551 | Temple   | Became a worshipper of Uskayaw the Reveller
  2604 | D:4      | Noticed Sigmund
  2613 | D:4      | Reached * piety under Uskayaw
  2747 | D:4      | Reached ** piety under Uskayaw
  2750 | D:4      | Killed Sigmund
  2750 | D:4      | Reached *** piety under Uskayaw
  2751 | D:4      | Reached skill level 5 in Unarmed Combat
  2751 | D:4      | Reached XP level 7. HP: 67/67 MP: 6/6
  2949 | D:4      | Found a glowing silver altar of Zin.
  3003 | D:4      | Killed Natasha
  3054 | D:4      | Killed Duvessa
  3060 | D:4      | Killed Dowan
  3238 | D:4      | Learned a level 3 spell: Stone Arrow
  3324 | D:4      | Noticed Natasha
  3335 | D:4      | Killed Natasha
  3348 | D:4      | Noticed Natasha
  3352 | D:4      | Killed Natasha
  3522 | D:5      | Entered Level 5 of the Dungeon
  3532 | D:5      | Reached XP level 8. HP: 71/75 MP: 7/7
  3557 | D:5      | Reached skill level 6 in Unarmed Combat
  3583 | D:5      | Reached **** piety under Uskayaw
  3589 | D:5      | Reached ***** piety under Uskayaw
  3627 | D:5      | Noticed Menkaure
  3636 | D:5      | Killed Menkaure
  3637 | D:5      | Reached skill level 1 in Earth Magic
  3804 | D:5      | Reached skill level 1 in Spellcasting
  4045 | D:5      | Noticed Ijyb
  4057 | D:5      | Killed Ijyb
  4257 | D:6      | Identified the +10 whip of Lystyus {flame, rElec Str-3
                  | Int+2}
  4353 | D:6      | Found a broken altar of Ashenzari.
  4576 | D:6      | Found Daupeas's Fire Supplies.
  4577 | D:6      | Identified the +3 ring mail of Impatience {+Blink rPois
                  | Str-4 Stlth+}
  4670 | D:6      | Reached XP level 9. HP: 68/84 MP: 10/10
  4753 | D:6      | Reached skill level 7 in Unarmed Combat
  4943 | D:7      | Reached skill level 1 in Evocations
  5563 | D:7      | Reached skill level 1 in Invocations
  6053 | D:8      | Reached skill level 8 in Unarmed Combat
  6063 | D:8      | Reached skill level 5 in Dodging
  6203 | D:8      | Found a radiant altar of Vehumet.
  6211 | D:8      | Found a sparkling altar of Nemelex Xobeh.
  6452 | D:8      | Reached XP level 10. HP: 73/87 MP: 12/12
  6583 | D:8      | Identified the ring "Cyriy" {Fly rF+ Str+4 Dex+6}
  6588 | D:8      | Found a runed translucent gate.
  6592 | D:8      | Found a runed translucent gate.
  6592 | D:8      | Noticed Esekla's ghost (novice OpDe)
  6599 | D:8      | Found a runed translucent gate.
  7253 | D:8      | HP: 4/89 [yak (7)]
  7854 | D:9      | Identified the +6 quarterstaff of a Million Lovers {pain,
                  | *Noise Will+++ rCorr Stlth-}
  8101 | D:9      | Found a burning altar of Makhleb.
  8101 | D:9      | Found a blossoming altar of Fedhas.
  8121 | D:10     | Entered Level 10 of the Dungeon
  8152 | D:10     | Reached skill level 5 in Fighting
  8306 | D:10     | Reached skill level 9 in Unarmed Combat
  8394 | D:10     | Found a staircase to the Lair.
  8403 | D:10     | Noticed Grum
  8409 | D:10     | Found a runed translucent door.
  8412 | D:10     | Killed Grum
  8423 | D:10     | Noticed Beavis's ghost (novice DsHu)
  8537 | D:10     | Noticed a two-headed ogre
  8544 | D:10     | Noticed a two-headed ogre
  8549 | D:10     | Killed a two-headed ogre
  8567 | D:10     | Killed a two-headed ogre
  8568 | D:10     | Reached XP level 11. HP: 78/104 MP: 14/14
  8611 | D:10     | Noticed a centaur warrior
  8615 | D:10     | Found a runed translucent door.
  8805 | D:10     | Reached skill level 5 in Maces & Flails
  8986 | D:10     | Noticed a four-headed hydra
  8986 | D:10     | Noticed a harpy
  9152 | D:10     | Reached skill level 10 in Unarmed Combat
  9277 | D:10     | Identified the +7 shortbow of Floods {flame, Drain rF+
                  | rC+++ Str+3}
  9312 | D:10     | Identified a scroll of acquirement
  9312 | D:10     | Acquired an amulet of regeneration
  9493 | D:10     | Found Kanu Vomm's General Store.
  9754 | D:10     | Killed a four-headed hydra
  9809 | D:10     | Noticed a brown ugly thing
  9824 | D:10     | Killed a brown ugly thing
  9824 | D:10     | Noticed a four-headed hydra
  9832 | D:10     | Slain by a four-headed hydra

Illustrated notes

Levels and vault maps discovered:
D:1:      co_arrival_random_square_maze, layout_basic, interstate_on_off,
          minmay_hexomino_u4
D:2:      layout_basic
D:3:      layout_basic, mainiacjoe_overflow_surrounded_room, moated_statue
D:4:      layout_loops_corners, zin_scriptorium,
          minmay_temple_entry_proselytizer, st_stairs_9, uniq_sigmund,
          uniq_duvessa, uniq_natasha
D:5:      layout_loops_ring, serial_bayou_pond_a, uniq_menkaure, uniq_ijyb
D:6:      layout_cave_pools, serial_park, serial_park_square2, serial_park_paths
          [serial_park_minivault_5x5_4], serial_park_tiny_2,
          serial_park_avenue1, serial_park_tiny_2, nicolae_shop_fire_sale
          [nicolae_sub_dead_trees]
D:7:      layout_loops_ring, grunt_livestock, water_maze_lemuel
D:8:      layout_cave_pools, mainiacjoe_overflow_divided_tiny,
          biasface_ghost_orc_armoury, serial_co_window_serial,
          co_window_paths_a, co_window_corner_a, co_window_corner_a,
          co_window_paths_a, co_window_corner_a, co_window_unsneaky_path_e,
          co_window_broadway_b, co_window_2corner, co_window_4corner_b,
          glass_columns_b, glass_columns_a, glass_columns_a, glass_columns_a,
          glass_columns_b
D:9:      layout_rooms, gammafunk_temple_overflow_elements
D:10:     minmay_the_grid_triangle_9x9_rhombus_full
          [minmay_the_grid_triangle_9x9_longest,
          minmay_the_grid_triangle_9x9_semitri,
          minmay_the_grid_triangle_9x9_subtriangle,
          minmay_the_grid_triangle_9x9_sprig,
          minmay_the_grid_triangle_9x9_checkered,
          minmay_the_grid_triangle_9x9_corruption,
          minmay_the_grid_triangle_9x9_descending_squares,
          minmay_the_grid_triangle_9x9_prize_special], layout_layer_cave,
          lair_entry_dummy, gammafunk_ghost_grave, serial_shops,
          nicolae_shop_waterfront, minmay_puff, uniq_grum
Temple:   nicolae_temple_bog_church

Skill      XL: |  1  2  3  4  5  6  7  8  9 10 11 |
---------------+----------------------------------+-----
Throwing       | 2 3 |  3.0
Fighting       | 2 3 4 5 6 |  6.0
Armour         | 1 2 3 4 |  4.4
Unarmed Combat | 4 5 6 8 9 10 | 10.5
Dodging        | 3 4 5 6 |  6.4
Maces & Flails | 1 2 3 4 5 |  5.7
Earth Magic    | 2 3 |  3.0
Spellcasting   | 1 2 3 |  3.0
Evocations     | 2 3 |  3.0
Invocations    | 1 3 |  3.0

Action                     |  1- 3 |  4- 6 |  7- 9 | 10-12 || total
---------------------------+-------+-------+-------+-------++-------
  Melee: Unarmed           |   119 |   112 |   312 |   275 ||   818
         Punch             |     3 |     7 |    15 |    17 ||    42
         Whip              |       |       |       |    11 ||    11
  Throw: Throwing net      |       |     1 |       |     4 ||     5
         Dart              |       |       |     1 |    13 ||    14
         Large rock        |       |       |     1 |       ||     1
         Boomerang         |       |       |    10 |    18 ||    28
         Javelin           |       |       |       |     2 ||     2
  Evoke: Wand              |       |       |       |     2 ||     2
    Use: Scroll            |       |     4 |     3 |     9 ||    16
         Potion            |       |     1 |       |     6 ||     7
   Stab: Sleeping          |       |     2 |     2 |       ||     4
         Paralysed         |       |       |    14 |    13 ||    27
         Held in net/web   |       |       |       |     1 ||     1
         Invisible         |       |       |       |     2 ||     2
 Armour: Robe              |    50 |    26 |    59 |    35 ||   170
         Acid dragon scale |       |       |       |    47 ||    47
  Dodge: Dodged            |    68 |    52 |   139 |   177 ||   436

Table legend: (Time is in decaauts)
 A = Elapsed time spent in this place.
 B = Non-inter-level travel time spent in this place.
 C = Inter-level travel time spent in this place.
 D = Time resting spent in this place.
 E = Time spent auto-exploring this place.
 F = Levels seen in this place.
 G = Mean time per level.
                   A        B        C        D        E       F      G
               +--------+--------+--------+--------+--------+-----+--------+
         Total |   9708 |   9349 |    359 |    683 |   6496 |  11 |  882.5 |
       Dungeon |   9553 |   9214 |    339 |    583 |   6490 |  10 |  955.3 |
        Temple |    155 |    135 |     20 |    100 |      6 |   1 |  155.0 |
               +--------+--------+--------+--------+--------+-----+--------+

Top non-repeatable levels by time:
    D:10: 1645 daAuts
     D:8: 1264 daAuts
     D:7: 1220 daAuts
     D:4: 1173 daAuts
     D:3: 871 daAuts
     D:9: 764 daAuts
     D:5: 763 daAuts
     D:2: 706 daAuts
     D:1: 575 daAuts
     D:6: 569 daAuts
  Temple: 155 daAuts
